Construct Section Command Post
Selects Australian Defense Battlegroup
Selects Australian Light Infantry Section
Australian Light Infantry Section
Selects Defensive Tactics
Construct Platoon Command Post
Australian Light Infantry Section
Australian Light Infantry Section
Selects CMP 15cwt Supply Run
Construct Company Command Post
Construct Field Infirmary
Selects Reinforced Resource Caches
Selects Archer Tank Destroyer